 Dungeon Crawl Stone Soup version 0.28-a0-643-g84cb2ea78e (webtiles) character file.

Game seed: 4472288674389444495

1395 siradein the Purveyor of Pain (level 8, -3/85 HPs)
             Began as a Black Draconian Necromancer on Oct 11, 2021.
             Was an Initiate of Kikubaaqudgha.
             Slain by a killer bee zombie (6 damage)
             ... in an ossuary.
             The game lasted 00:28:28 (7039 turns).

siradein the Purveyor of Pain (DrNe)                Turns: 7039, Time: 00:28:29

Health: -3/85      AC: 24    Str: 10 (12) XL:     8   Next: 41%
Magic:  15/15      EV:  2    Int: 14 (17) God:    Kikubaaqudgha [......]
Gold:   135        SH:  0    Dex:  8 (11) Spells: 9/17 levels left

rFire   . . .      SeeInvis .   b - +2 dagger (flame)
rCold   . . .      Faith    .   (no shield)
rNeg    . . .      Spirit   .   (armour unavailable)
rPois   +          Reflect  .   (helmet currently unavailable)
rElec   .          Harm     .   (cloak currently unavailable)
rCorr   .          Rampage  .   (gloves currently unavailable)
Will    .....      NoTele   +   (boots currently unavailable)
Stlth   +.........              (no amulet)
HPRegen 0.24/turn               d - ring of flight
MPRegen 0.14/turn               (no ring)

@: tree-form
A: stationary, stasis, torment immunity, boosted hp, (breathe lightning), AC +6,
unfitting armour, (electricity resistance), (cold-blooded)
a: Renounce Religion


You were in an ossuary.
You worshipped Kikubaaqudgha.
Kikubaaqudgha was noncommittal.
You were a tree.
You visited 2 branches of the dungeon, and saw 7 of its levels.
You also visited: Ossuary.

You collected 161 gold pieces.
You spent 26 gold pieces at shops.

Inventory:

Hand Weapons
 b - a +2 dagger of flaming (weapon)
 m - a +0 rapier
Missiles
 a - 29 poisoned darts
Jewellery
 d - a ring of flight (left branch)
Wands
 c - a wand of polymorph (9)
 n - a wand of charming (8)
Scrolls
 g - 2 scrolls of amnesia
 l - 2 scrolls of teleportation
Potions
 i - a potion of curing


   Skills:
 + Level 4.6 Short Blades
 + Level 5.1 Dodging
 - Level 1.7 Stealth
 + Level 5.1 Spellcasting
 + Level 6.6 Necromancy


You had 9 spell levels left.
You knew the following spells:

 Your Spells              Type           Power      Damage    Failure   Level
a - Pain                  Necr           88%        1d8       1%          1
b - Vampiric Draining     Necr           11%        2d7       3%          3
c - Animate Dead          Necr           11%        N/A       11%         4

Your spell library contained the following spells:

 Spells                   Type           Power      Damage    Failure   Level
 Animate Skeleton         Necr           44%        N/A       1%          1
 Agony                    Necr           22%        N/A       30%         5
 Ozocubu's Armour         Ice            3%         N/A       45%         3
 Ozocubu's Refrigeration  Ice            1%         4d5       100%        7


Dungeon Overview and Level Annotations

Branches:
Dungeon (6/15)             Temple (1/1) D:5         Ossuary (1/1)

Altars:
Elyvilon
Gozag
Hepliaklqana
Kikubaaqudgha
Makhleb
Ru
Sif Muna
Wu Jian
Zin

Shops:
D:2 =   D:5 *

Annotations:
D:3 1 runed translucent door, Crazy Yiuf


Innate Abilities, Weirdness & Mutations

You are a tree.
Your roots penetrate the ground, keeping you stationary.
You cannot be teleported.
You are immune to unholy pain and torment.
Your maximum health is greatly increased.
Your equipment is partially melded.
((You can breathe wild blasts of lightning.))
((Your glossy black scales are hard. (AC +6)))
You cannot fit into any form of body armour.
((You are resistant to electric shocks. (rElec)))
((You are cold-blooded and may be slowed by cold attacks.))


Message History

The killer bee zombie is lightly damaged.
The killer bee zombie hits you but does no damage.
You barely miss the killer bee zombie.
The killer bee zombie is lightly damaged.
The killer bee zombie closely misses you.
You barely miss the killer bee zombie.
The killer bee zombie is lightly damaged.
The killer bee zombie hits you but does no damage.
The killer bee zombie hits you.
You hit the killer bee zombie but do no damage.
The killer bee zombie is lightly damaged.
A bullfrog zombie comes into view.
The killer bee zombie hits you.
* * * LOW HITPOINT WARNING * * *
You hit the killer bee zombie. You burn the killer bee zombie.
Your tail-slap misses the killer bee zombie.
The killer bee zombie is moderately damaged.
The killer bee zombie misses you. The killer bee zombie hits you.
* * * LOW HITPOINT WARNING * * *
Really quaff the potion of lignification?
You turn into a tree.
Your roots penetrate the ground.
The killer bee zombie hits you but does no damage.
The bullfrog zombie hits you but does no damage.
You barely miss the killer bee zombie.
The killer bee zombie is moderately damaged.
The killer bee zombie hits you but does no damage.
The killer bee zombie hits you.
* * * LOW HITPOINT WARNING * * *
You hit the killer bee zombie. You burn the killer bee zombie.
The killer bee zombie is heavily damaged.
The bullfrog zombie hits you but does no damage.
The killer bee zombie hits you.
* * * LOW HITPOINT WARNING * * *
The bullfrog zombie hits you but does no damage.
You hit the killer bee zombie. You burn the killer bee zombie.
The killer bee zombie is heavily damaged.
The killer bee zombie barely misses you.
The killer bee zombie hits you.
You die...
Kikubaaqudgha rasps: "You have failed me!
Welcome... death!"

#####
#..∩#
#.∩♣#
#.ZZ#
##'##
....
#+#'#.≈
.# #.#
## #


You could see a bullfrog zombie and a killer bee zombie.

Vanquished Creatures
  Grinder (D:6)
  A black bear (D:6)
  An orc warrior (D:6)
  An ogre (D:6)
  A centaur (D:5)
  A scorpion (D:4)
  2 water moccasin zombies
  A water moccasin skeleton (D:3)
  A howler monkey (D:6)
  2 jellies (D:5)
  A bullfrog skeleton (D:6)
  4 centaur zombies (Ossuary)
  A hound (D:4)
  Ijyb (D:5)
  2 iguanas (D:5)
  2 orc wizards (D:4)
  2 killer bee zombies (Ossuary)
  A hound skeleton (D:4)
  2 mummies (Ossuary)
  2 howler monkey zombies
  2 howler monkey skeletons (D:6)
  4 adders
  3 dart slugs
  5 orcs
  4 bats
  3 endoplasms
  7 giant cockroaches
  8 hobgoblins
  9 kobolds
  4 quokkas
  4 ball pythons
  2 frilled lizards (D:2)
  9 goblins
  3 rats
97 creatures vanquished.

Vanquished Creatures (others)
  6 withered plants (Ossuary)
6 creatures vanquished.

Grand Total: 103 creatures vanquished

Notes
Turn   | Place    | Note
-------+----------+-------------------------------------------
     0 | D:1      | siradein the Draconian Necromancer began the quest for the
                  | Orb.
     0 | D:1      | Reached XP level 1. HP: 14/14 MP: 3/3
   396 | D:1      | Reached XP level 2. HP: 18/20 MP: 1/5
   639 | D:1      | Found a faded altar of an unknown god.
  1181 | D:2      | Reached XP level 3. HP: 23/26 MP: 2/6
  1185 | D:2      | Learned a level 3 spell: Vampiric Draining
  1373 | D:2      | Found Kugiem's Jewellery Boutique.
  2187 | D:2      | You are sucked into a shaft and drop 2 floors!
  2703 | D:3      | Reached XP level 4. HP: 32/33 MP: 6/8
  2890 | D:3      | Found a glowing silver altar of Zin.
  3208 | D:3      | Reached skill level 1 in Short Blades
  3620 | D:3      | Found a runed translucent door.
  3621 | D:3      | Noticed Crazy Yiuf
  3745 | D:4      | Noticed a scorpion
  3750 | D:4      | Killed a scorpion
  3751 | D:4      | Reached XP level 5. HP: 33/38 MP: 3/9
  3871 | D:4      | Reached skill level 5 in Necromancy
  4614 | D:4      | Reached XP level 6. HP: 45/45 MP: 11/11
  4718 | D:4      | Learned a level 4 spell: Animate Dead
  4812 | D:4      | Found a hazy altar of Hepliaklqana.
  5051 | D:5      | Entered Level 5 of the Dungeon
  5207 | D:5      | Found a staircase to the Ecumenical Temple.
  5214 | Temple   | Entered the Ecumenical Temple
  5239 | Temple   | Became a worshipper of Kikubaaqudgha
  5259 | D:5      | Found Teox Foda's General Store.
  5264 | D:5      | Bought a scroll of identify for 26 gold pieces
  5275 | D:5      | Noticed Ijyb
  5297 | D:5      | Killed Ijyb
  5820 | D:5      | Your scales start taking on a glossy black colour.
  5820 | D:5      | Reached XP level 7. HP: 34/50 MP: 11/13
  5820 | D:5      | Gained mutation: You are resistant to electric shocks.
                  | (rElec) [Black Draconian growth]
  6573 | D:6      | Noticed Grinder
  6593 | D:6      | Reached skill level 6 in Necromancy
  6596 | D:6      | Found a sand-covered staircase.
  6619 | D:6      | Killed Grinder
  6620 | D:6      | Reached XP level 8. HP: 47/57 MP: 11/15
  6636 | Ossuary  | Entered an ossuary
  6728 | Ossuary  | Reached skill level 5 in Spellcasting
  6913 | Ossuary  | Reached skill level 5 in Dodging
  7038 | Ossuary  | HP: 3/85 [killer bee zombie (6)]
  7039 | Ossuary  | Slain by a killer bee zombie

Illustrated notes

Levels and vault maps discovered:
D:1:      dpeg_arrival_rhombi, layout_rooms, hellmonk_ecumenical_altar_zigzags,
          chequers_serial_rivers_large_a
D:2:      layout_loops_corners, serial_shops, shop
D:3:      layout_loops_corners, zin_academy, uniq_crazy_yiuf_cottage
D:4:      wad_crossroads, layout_rooms, nicolae_hepliaklqana_hippocampus
D:5:      layout_gridville, temple_fountains, serial_shops,
          nicolae_shop_crystal, minmay_door_square,
          hangedman_abyss_or_decor_stagger, uniq_ijyb
D:6:      layout_loops_ring, lemuel_tele_altar, enter_ossuary_2, uniq_grinder
Temple:   nicolae_temple_great_sept
Ossuary:  ossuary_zaba_flooded

Skill      XL: |  1  2  3  4  5  6  7  8 |
---------------+-------------------------+-----
Dodging        | 2 3 4 5 |  5.1
Short Blades   | 1 2 3 4 |  4.6
Spellcasting   | 3 4 5 |  5.1
Necromancy     | 5 6 |  6.6
Stealth        | |  1.7

Action                   |  1- 3 |  4- 6 |  7- 9 || total
-------------------------+-------+-------+-------++-------
Melee: Dagger            |    34 |    54 |   129 ||   217
       Tailslap          |     4 |     9 |    13 ||    26
       Rapier            |       |    25 |       ||    25
       Unarmed           |       |       |    14 ||    14
 Cast: Pain              |    79 |    58 |    18 ||   155
       Vampiric Draining |       |     3 |     3 ||     6
 Abil: Breathe Lightning |       |       |     2 ||     2
  Use: Scroll            |       |       |     6 ||     6
       Potion            |       |       |     5 ||     5
 Stab: Sleeping          |     2 |       |       ||     2
       Confused          |       |       |     1 ||     1
Armor: Skin              |     7 |    32 |    96 ||   135
Dodge: Dodged            |    21 |    58 |    56 ||   135

Table legend: (Time is in decaauts)
 A = Elapsed time spent in this place.
 B = Non-inter-level travel time spent in this place.
 C = Inter-level travel time spent in this place.
 D = Time resting spent in this place.
 E = Time spent auto-exploring this place.
 F = Levels seen in this place.
 G = Mean time per level.
                   A        B        C        D        E       F      G
               +--------+--------+--------+--------+--------+-----+--------+
         Total |   7013 |   6829 |    184 |    178 |   5574 |   8 |  876.6 |
       Dungeon |   6594 |   6410 |    184 |     63 |   5398 |   6 | 1099.0 |
        Temple |     37 |     37 |      0 |      0 |     20 |   1 |   37.0 |
       Ossuary |    381 |    381 |      0 |    115 |    156 |   1 |  381.0 |
               +--------+--------+--------+--------+--------+-----+--------+

Top non-repeatable levels by time:
     D:4: 1326 daAuts
     D:3: 1321 daAuts
     D:2: 1320 daAuts
     D:5: 1300 daAuts
     D:1: 1085 daAuts
 Ossuary: 381 daAuts
     D:6: 240 daAuts
  Temple: 37 daAuts
